 Dungeon Crawl Stone Soup version 0.20.1-1-g8b1a95d (webtiles) character file.

16 Thyosulf the Ruffian (level 2, -2/23 HPs)
             Began as a Draconian Transmuter on Dec 5, 2017.
             Slain by a leopard gecko (5 damage)
             ... on level 1 of the Dungeon.
             The game lasted 00:02:30 (374 turns).

Thyosulf the Ruffian (Draconian Transmuter)          Turns: 374, Time: 00:02:30

Health: -2/23      AC:  4    Str: 12    XL:     2   Next: 41%
Magic:  3/5        EV: 12    Int: 13    God:
Gold:   27         SH:  0    Dex: 11    Spells: 2/5 levels left

rFire    . . .     SeeInvis .     - Unarmed
rCold    . . .     Gourm    .   (no shield)
rNeg     . . .     Faith    .   (armour unavailable)
rPois    .         Spirit   .   (helmet restricted)
rElec    .         Reflect  .   (no cloak)
rCorr    .         Harm     .   (no gloves)
MR       .....                  (boots currently unavailable)
Stlth    +.........             (no amulet)
Regen    0.1/turn               (no ring)
MPRegen  0.1/turn               (no ring)

@: appendage (expiring), very slightly contaminated
A: unfitting armour, talons 3, cold-blooded, AC +4
a: End Transformation


You were on level 1 of the Dungeon.
You were not hungry.
You had grown temporary talons.
You visited 1 branch of the dungeon, and saw 2 of its levels.

You collected 27 gold pieces.

Inventory:

Missiles
 a - 31 arrows
 e - 22 stones (quivered)
Jewellery
 d - a +3 ring of dexterity {unknown}
Scrolls
 g - a scroll of fear {unknown}
Potions
 h - a potion of agility {unknown}
Books
 b - a book of Changes

   Spells                             Type                      Level
   a - Beastly Appendage              Transmutation                1
   b - Sticks to Snakes               Transmutation                2
   c - Spider Form                    Transmutation/Poison         3
   d - Ice Form                       Ice/Transmutation            4
   e - Blade Hands                    Transmutation                5
Comestibles
 c - a bread ration
 f - 2 chunks of flesh


   Skills:
 + Level 1.2 Fighting
 + Level 2.0 Dodging
 * Level 3.5 Unarmed Combat
 + Level 2.0 Spellcasting
 * Level 2.1 Transmutations


You had 2 spell levels left.
You knew the following spells:

 Your Spells              Type           Power        Failure   Level  Hunger
a - Beastly Appendage     Tmut           #.....       11%         1    ##.....
b - Sticks to Snakes      Tmut           #.......     16%         2    ###....


Dungeon Overview and Level Annotations

Branches:
Dungeon (2/15)

Altars:


Innate Abilities, Weirdness & Mutations

Your plain brown scales are hard. (AC +4)
You cannot fit into any form of body armour.
You are cold-blooded and may be slowed by cold attacks.
You have claws for feet.


Message History

The jackal barely misses you. The leopard gecko barely misses you.
The leopard gecko closely misses you. The jackal bites you.
The leopard gecko closely misses you.
You hit the jackal but do no damage. Your kick misses the jackal.
The leopard gecko closely misses you. The jackal misses you.
The leopard gecko bites you.
* * * LOW HITPOINT WARNING * * *
You closely miss the jackal. The leopard gecko closely misses you.
The jackal barely misses you.
The leopard gecko bites you but does no damage.
The leopard gecko bites you.
* * * LOW HITPOINT WARNING * * *
You closely miss the jackal.
Your transformation is almost over.
The jackal closely misses you. The leopard gecko closely misses you.
The leopard gecko barely misses you. The jackal barely misses you.
You hit the jackal. You claw the jackal.
You kill the jackal!
The leopard gecko bites you.
You die...

###.# #.##.........
#########...#####.##.........
##.........)###...............
##............##.......#...#...
#....!?.>.(....#......#########
#.....!........#......#
#.........(....#......# ####
#..............#......###..#
...............l@..........#
##.............#l†..>..#####
##...................##
#..........###......########
...########.######..........#
.... ........................#
... ...........###..........#
############ ############


You could see 2 leopard geckos.

Vanquished Creatures
  4 bats (D:1)
  3 goblins (D:1)
  2 hobgoblins (D:1)
  2 jackals (D:1)
  A frilled lizard (D:1)
  2 kobolds (D:1)
14 creatures vanquished.

Notes
Turn   | Place    | Note
-------+----------+-------------------------------------------
     0 | D:1      | Thyosulf the Draconian Transmuter began the quest for the Orb.
     0 | D:1      | Reached XP level 1. HP: 16/16 MP: 3/3
     3 | D:1      | Noticed an electric eel
     3 | D:1      | Noticed an electric eel
    69 | D:1      | Reached XP level 2. HP: 10/23 MP: 5/5
   300 | D:1      | Learned a level 2 spell: Sticks to Snakes
   374 | D:1      | Slain by a leopard gecko

Skill      XL: |  1 |
---------------+----+-----
Dodging        | 2 |  2.0
Fighting       | |  1.2
Unarmed Combat | |  3.5
Spellcasting   | |  2.0
Transmutations | |  2.1

Action                   || total
-------------------------++-------
Melee: Unarmed           ||    48
       Tailslap          ||     2
       Kick              ||     3
       Punch             ||     2
       Headbutt          ||     1
 Cast: Beastly Appendage ||     6
Armor: Skin              ||    25
Dodge: Dodged            ||    63
